[Event "Titled Tuesday Blitz August 1 Late 2023"]
[White "Fernandez Siles, Luis"]
[Black "Bazilius, Augustinas"]
[WhiteFideId "2209420"]
[BlackFideId "12832251"]
[WhiteElo "2288"]
[BlackElo "2471"]
[Result "1-0"]
[Round "2"]
[TimeControl "180+1"]
[Date "2023.08.01"]
[WhiteClock "0:00:57"]
[BlackClock "0:01:17"]
[Board "154"]

1. e4 c5 2. Nf3 d6 3. Bb5+ Bd7 4. Bxd7+ Qxd7 5. O-O Nc6 6. c3 Nf6 7. Re1 e5 8. d3 Be7 9. Nbd2 O-O 10. Nf1 Rfe8 11. Bg5 h6 12. Bxf6 Bxf6 13. Ne3 g6 14. Nd5 Bg7 15. Nd2 Ne7 16. Nxe7+ Qxe7 17. Nc4 b5 18. Ne3 a5 19. Nd5 Qb7 20. a4 b4 21. cxb4 axb4 22. b3 f5 23. Qf3 Rf8 24. exf5 e4 25. Qxe4 Qf7 26. Ne7+ Kh8 27. Nxg6+ Kg8 28. Nxf8 Bxa1 29. Qxa8 1-0


[Site "https://www.chess.com"]

[Event "Titled Tuesday Blitz August 1 Late 2023"]
[White "Senthilkumar, Pranav"]
[Black "Arias Igual, Alejandro"]
[WhiteFideId "2083477"]
[BlackFideId "2254905"]
[WhiteElo "2470"]
[BlackElo "2282"]
[Result "1-0"]
[Round "2"]
[TimeControl "180+1"]
[Date "2023.08.01"]
[WhiteClock "0:01:09"]
[BlackClock "0:00:36"]
[Board "155"]

1. Nf3 d5 2. g3 Nf6 3. Bg2 e6 4. O-O Be7 5. c4 O-O 6. cxd5 exd5 7. Nc3 c5 8. d4 Nc6 9. Bf4 c4 10. Ne5 h6 11. b3 Qa5 12. Rc1 Ba3 13. Nxc6 bxc6 14. Rc2 Bf5 15. e4 cxb3 16. axb3 dxe4 17. Nb1 Bb4 18. Rxc6 Rfe8 19. Qc2 e3 20. Bc7 Bxc2 21. Bxa5 Bxa5 22. Rxc2 e2 23. Rxe2 Rxe2 24. Bxa8 Rb2 25. Rd1 Rxb3 26. Kf1 Ne8 27. Bd5 Rb2 28. Na3 Bc3 29. Nc4 Rb4 30. Ne5 Nd6 31. Nc6 Rxd4 32. Nxd4 Bxd4 33. Rxd4 1-0


[Site "https://www.chess.com"]

[Event "Titled Tuesday Blitz August 1 Late 2023"]
[White "Garcia de Dios, Jose Antonio"]
[Black "Chemin, Justo Reinaldo"]
[WhiteFideId "5128919"]
[BlackFideId "2101580"]
[WhiteElo "2469"]
[BlackElo "2282"]
[Result "1-0"]
[Round "2"]
[TimeControl "180+1"]
[Date "2023.08.01"]
[WhiteClock "0:00:29"]
[BlackClock "0:00:04"]
[Board "156"]

1. d4 e6 2. c4 d5 3. Nc3 c6 4. Nf3 dxc4 5. a4 Bb4 6. e3 b5 7. Bd2 a5 8. axb5 Bxc3 9. Bxc3 cxb5 10. b3 Bb7 11. bxc4 b4 12. Bb2 Nf6 13. Bd3 Qc7 14. Qc2 Nbd7 15. e4 e5 16. Nxe5 Nxe5 17. dxe5 Ng4 18. f4 Qc5 19. Qe2 Nh6 20. g4 a4 21. g5 Ng8 22. e6 f6 23. Qh5+ g6 24. Qe2 a3 25. Bxf6 Nxf6 26. gxf6 b3 27. Bb1 Qd4 28. Qd2 Qxd2+ 29. Kxd2 a2 30. Kc3 O-O 31. f7+ Kg7 32. Re1 axb1=Q 33. Raxb1 Bc8 34. f5 gxf5 35. exf5 Kf6 36. e7 Bd7 37. exf8=Q Rxf8 38. Rxb3 Rxf7 39. Rb6+ Kg5 40. f6 Bf5 41. Re7 Rf8 42. f7 Bg6 43. Rbb7 Kf6 44. Re1 Bxf7 45. Rf1+ Kg7 46. c5 h5 47. c6 h4 48. Rbxf7+ Rxf7 49. Rxf7+ Kxf7 50. c7 1-0


[Site "https://www.chess.com"]

[Event "Titled Tuesday Blitz August 1 Late 2023"]
[White "Garmendiarov"]
[Black "Gaal, Zsoka"]
[BlackFideId "777765"]
[WhiteElo "2270"]
[BlackElo "2468"]
[Result "1-0"]
[Round "2"]
[TimeControl "180+1"]
[Date "2023.08.01"]
[WhiteClock "0:00:24"]
[BlackClock "0:00:01"]
[Board "157"]

1. e4 e5 2. Nf3 d6 3. d4 exd4 4. Nxd4 Nf6 5. Nc3 g6 6. Be3 Bg7 7. f3 Nc6 8. Qd2 Nd7 9. O-O-O Nce5 10. Bh6 Bxh6 11. Qxh6 c6 12. Be2 Nf6 13. h3 Ng8 14. Qd2 f6 15. f4 Nf7 16. Bc4 Bd7 17. Bxf7+ Kxf7 18. Nf3 Be6 19. Qxd6 Qxd6 20. Rxd6 Ne7 21. Rhd1 Nc8 22. Rd8 Rxd8 23. Rxd8 Nb6 24. Rxa8 Nxa8 25. e5 Nc7 26. Kd2 Nd5 27. Nxd5 Bxd5 28. Ke3 Bxa2 29. b3 a5 30. Kd4 a4 31. bxa4 Bd5 32. Kc5 Ke6 33. Nd4+ Ke7 34. g3 fxe5 35. fxe5 Be4 36. c3 Kd7 37. h4 h6 38. Kb6 Kc8 39. Ne6 Bd5 40. Nc5 g5 41. hxg5 hxg5 42. Nxb7 g4 43. Na5 Be4 44. Nxc6 Bc2 45. a5 1-0


[Site "https://www.chess.com"]

[Event "Titled Tuesday Blitz August 1 Late 2023"]
[White "ExchangeAB"]
[Black "Vaglio Munoz, Jaime"]
[BlackFideId "6500145"]
[WhiteElo "2467"]
[BlackElo "2270"]
[Result "1/2-1/2"]
[Round "2"]
[TimeControl "180+1"]
[Date "2023.08.01"]
[WhiteClock "0:00:41"]
[BlackClock "0:00:48"]
[Board "158"]

1. d4 c6 2. e4 b5 3. c4 bxc4 4. Bxc4 d5 5. exd5 cxd5 6. Bb5+ Bd7 7. Bxd7+ Nxd7 8. Nc3 Ngf6 9. Nf3 e6 10. O-O Be7 11. Bf4 O-O 12. Rc1 Qb6 13. Na4 Qa6 14. b3 Rfc8 15. Qd2 h6 16. Ne5 Nxe5 17. Bxe5 Ne4 18. Qe3 Ba3 19. Rxc8+ Rxc8 20. f3 Nd6 21. Bxd6 Bxd6 22. Rc1 g5 23. Rxc8+ Qxc8 24. Qc3 Qxc3 25. Nxc3 a6 26. Na4 Kf8 27. Nc5 a5 28. Kf2 Ke7 29. Ke3 Bxh2 30. g4 Bg3 31. Nb7 Bc7 32. a3 f5 33. b4 axb4 34. axb4 Bb6 35. Nc5 f4+ 36. Ke2 Kd6 37. Kd3 Bc7 38. Nb7+ Kc6 39. Nc5 e5 40. dxe5 Bxe5 41. Kc2 Kb5 42. Kb3 Bd6 43. Nd3 d4 44. Kc2 Kc4 45. Kd2 Bxb4+ 46. Ke2 Bd6 47. Nf2 Be7 48. Nd3 Bf6 49. Nf2 Kc3 50. Ne4+ Kc2 51. Nc5 Be7 52. Nd3 Bd6 53. Ne1+ Kc3 54. Nd3 Kc2 55. Ne1+ Kc3 56. Nd3 Kc2 1/2-1/2


[Site "https://www.chess.com"]

[Event "Titled Tuesday Blitz August 1 Late 2023"]
[White "Sala, Giulia"]
[Black "Hamley, Ryan"]
[WhiteFideId "2840451"]
[BlackFideId "30959497"]
[WhiteElo "2269"]
[BlackElo "2466"]
[Result "0-1"]
[Round "2"]
[TimeControl "180+1"]
[Date "2023.08.01"]
[WhiteClock "0:00:42"]
[BlackClock "0:01:29"]
[Board "159"]

1. e4 c5 2. Nf3 d6 3. d4 cxd4 4. Nxd4 Nf6 5. Nc3 g6 6. Be3 Bg7 7. f3 O-O 8. Qd2 Nc6 9. Bc4 Bd7 10. O-O-O Rc8 11. Bb3 Na5 12. h4 h5 13. Kb1 Nc4 14. Bxc4 Rxc4 15. g4 b5 16. gxh5 Nxh5 17. Nd5 e6 18. Nc3 b4 19. Nce2 d5 20. exd5 exd5 21. Rdg1 Re8 22. Bh6 Qf6 23. Bxg7 Kxg7 24. b3 Rcc8 25. Qxb4 Bf5 26. Nxf5+ Qxf5 27. Qd2 Qxf3 28. Nd4 Qe4 29. Re1 Qg4 30. Rxe8 Rxe8 31. Rg1 Qxg1+ 32. Kb2 Qe3 33. Qd1 Re4 34. Nb5 d4 35. a4 a6 36. Na3 Qc3+ 37. Ka2 Re1 0-1


[Site "https://www.chess.com"]

[Event "Titled Tuesday Blitz August 1 Late 2023"]
[White "szachmistrz2500"]
[Black "Tqebuchava, Zurab"]
[BlackFideId "13601113"]
[WhiteElo "2466"]
[BlackElo "2268"]
[Result "1/2-1/2"]
[Round "2"]
[TimeControl "180+1"]
[Date "2023.08.01"]
[WhiteClock "0:00:57"]
[BlackClock "0:00:05"]
[Board "160"]

1. Nf3 d6 2. g3 Nf6 3. Bg2 Nbd7 4. O-O e5 5. d3 Be7 6. e4 O-O 7. c3 Re8 8. Re1 b6 9. d4 Bb7 10. Nbd2 a5 11. a4 Bf8 12. Qc2 exd4 13. cxd4 c5 14. d5 Ne5 15. Nxe5 Rxe5 16. Nc4 Re8 17. Bg5 h6 18. Bf4 Ba6 19. b3 Bxc4 20. bxc4 Nd7 21. h3 g6 22. Rab1 Bg7 23. Bd2 Qf6 24. Rb3 Qe7 25. Bc3 Bxc3 26. Qxc3 Qe5 27. Qc2 h5 28. f4 Qd4+ 29. Kh2 h4 30. gxh4 Qf6 31. h5 Qxf4+ 32. Rg3 Re5 33. Rf1 Qh6 34. hxg6 fxg6 35. Bf3 Rf8 36. Qg2 Kg7 37. Rg1 Rf6 38. Bg4 Nf8 39. Bf5 Re7 40. Rg5 Kh8 41. Bxg6 Nxg6 42. Rxg6 Rxg6 43. Qxg6 Qxg6 44. Rxg6 Rxe4 45. Rxd6 Rxc4 46. Rxb6 Rxa4 47. Rb5 Ra2+ 48. Kg3 c4 49. d6 Rd2 50. Rxa5 Rxd6 51. Rc5 Rd4 52. Kf3 Kg7 53. Rc6 Kf7 54. Kg3 Kg7 55. h4 Kf7 56. h5 Kg7 57. Kf3 Kh7 58. Ke3 Rh4 59. Kd2 c3+ 60. Rxc3 Rxh5 61. Rc6 Rh6 62. Rxh6+ Kxh6 1/2-1/2


[Site "https://www.chess.com"]

[Event "Titled Tuesday Blitz August 1 Late 2023"]
[White "Doluhanova, Evgeniya"]
[Black "Polaczek, Richard"]
[WhiteFideId "14112035"]
[BlackFideId "200026"]
[WhiteElo "2267"]
[BlackElo "2465"]
[Result "1-0"]
[Round "2"]
[TimeControl "180+1"]
[Date "2023.08.01"]
[WhiteClock "0:00:07"]
[BlackClock "0:00:00"]
[Board "161"]

1. Nf3 d5 2. b3 c5 3. Bb2 a6 4. e3 Nc6 5. Be2 Qc7 6. O-O e5 7. d4 e4 8. Ne5 Bd6 9. f4 f6 10. Nxc6 bxc6 11. c4 Ne7 12. Nc3 cxd4 13. Qxd4 Nf5 14. Qd2 Bc5 15. Nd1 Qb6 16. Kf2 Nxe3 17. Nxe3 d4 18. Qc2 d3 19. Qd2 dxe2 20. Kxe2 Be6 21. f5 Bf7 22. Ng4 Rd8 23. Qf4 O-O 24. Nxf6+ gxf6 25. Qg4+ Bg6 26. fxg6 Bd4 27. gxh7+ Kh8 28. Bxd4 Qxd4 29. Rad1 Qb2+ 30. Ke3 Qc3+ 31. Kf2 Rd3 32. Kg1 Qd4+ 33. Kh1 Qe5 34. Rde1 e3 35. Qf3 c5 36. h3 1-0


[Site "https://www.chess.com"]

[Event "Titled Tuesday Blitz August 1 Late 2023"]
[White "Schut, Han"]
[Black "Goncalves, Davi Sulzbacher"]
[WhiteFideId "1005561"]
[BlackFideId "2154510"]
[WhiteElo "2263"]
[BlackElo "2462"]
[Result "1/2-1/2"]
[Round "2"]
[TimeControl "180+1"]
[Date "2023.08.01"]
[WhiteClock "0:00:18"]
[BlackClock "0:00:18"]
[Board "162"]

1. e4 d6 2. d4 Nf6 3. Nc3 g6 4. f4 Bg7 5. Nf3 O-O 6. Bd3 Bg4 7. e5 dxe5 8. dxe5 Nd5 9. Nxd5 Qxd5 10. O-O Nc6 11. h3 Bxf3 12. Qxf3 Qxf3 13. Rxf3 Rad8 14. Be4 f6 15. exf6 Bxf6 16. c3 Rd1+ 17. Rf1 Rxf1+ 18. Kxf1 Bg5 19. Bxc6 bxc6 20. g3 e5 21. h4 Bh6 22. Kg2 exf4 23. g4 g5 24. hxg5 Bxg5 25. Kf3 Rd8 26. b3 Rd3+ 27. Ke4 Rxc3 28. Bxf4 Bxf4 29. Kxf4 Rc2 30. Rd1 Rxa2 31. Rd8+ Kf7 32. Rd7+ Ke6 33. Rxc7 Kd6 34. Rxh7 a5 35. Rh3 Rf2+ 36. Ke4 Rg2 37. Kf5 Kc5 38. g5 Kb4 39. g6 c5 40. Kf6 a4 41. bxa4 c4 42. g7 Kxa4 43. Kf7 Kb4 44. g8=Q Rxg8 45. Kxg8 c3 46. Rxc3 Kxc3 1/2-1/2


[Site "https://www.chess.com"]

[Event "Titled Tuesday Blitz August 1 Late 2023"]
[White "Cardozo Munar, Carlos Eduardo"]
[Black "Gundam, Rohit"]
[WhiteFideId "4409477"]
[BlackFideId "75002809"]
[WhiteElo "2257"]
[BlackElo "2458"]
[Result "0-1"]
[Round "2"]
[TimeControl "180+1"]
[Date "2023.08.01"]
[WhiteClock "0:00:00"]
[BlackClock "0:00:06"]
[Board "163"]

1. d4 Nf6 2. Bg5 d5 3. Nd2 c5 4. c3 cxd4 5. cxd4 Qb6 6. e3 Qxb2 7. Bd3 Qb6 8. Ngf3 Nc6 9. O-O Bg4 10. Qa4 Bd7 11. Rab1 Qc7 12. Rfc1 e6 13. Bf4 Bd6 14. Bxd6 Qxd6 15. Rxb7 O-O 16. Rxd7 Nxd7 17. Qxc6 Qe7 18. Bb5 Rac8 19. Qxc8 Rxc8 20. Rxc8+ Nf8 21. a4 Qb7 22. Rc6 Qe7 23. g3 Qb4 24. Kg2 h6 25. Rc8 f6 26. Nh4 Kf7 27. Rc7+ Kg8 28. Rc8 Kf7 29. Nhf3 a6 30. Be8+ Ke7 31. Nf1 Qb7 32. Rc3 Kxe8 33. N3d2 Kf7 34. h4 Kg8 35. h5 Qb4 36. Rc6 Qxa4 37. Rc8 Qd7 38. Ra8 Qb7 39. Rd8 a5 0-1


[Site "https://www.chess.com"]

[Event "Titled Tuesday Blitz August 1 Late 2023"]
[White "Sathish, Pranav"]
[Black "Thiel, Thomas"]
[WhiteFideId "30967538"]
[BlackFideId "4615964"]
[WhiteElo "2457"]
[BlackElo "2255"]
[Result "0-1"]
[Round "2"]
[TimeControl "180+1"]
[Date "2023.08.01"]
[WhiteClock "0:00:23"]
[BlackClock "0:00:17"]
[Board "164"]

1. Nf3 Nf6 2. b3 g6 3. Bb2 Bg7 4. g3 d6 5. d4 O-O 6. Bg2 c6 7. O-O Nbd7 8. a4 Re8 9. Re1 e5 10. dxe5 Ng4 11. c4 Ngxe5 12. Nc3 Qb6 13. a5 Qc7 14. e4 a6 15. Qc2 Nc5 16. Rad1 Bg4 17. Re3 Bh6 18. Nxe5 Bxd1 19. Nxd1 dxe5 20. f4 Ne6 21. Bxe5 Qxa5 22. Bc3 Qb6 23. Qf2 Rad8 24. Bf3 Bg7 25. e5 Bf8 26. b4 Bxb4 27. Bxb4 Qxb4 28. Kg2 Rd2 29. Be2 Red8 30. f5 Nd4 31. e6 fxe6 32. fxg6 hxg6 33. Qf6 Qf8 34. Qxg6+ Qg7 35. Qe4 Nxe2 36. Qxe6+ Qf7 37. Qg4+ Kh8 38. Nf2 Rf8 39. Qh4+ Qh7 40. Qg5 Nd4 41. Qe5+ Qg7 42. Qh5+ Kg8 0-1


[Site "https://www.chess.com"]

[Event "Titled Tuesday Blitz August 1 Late 2023"]
[White "Fernandez Bustamante, Leancy B."]
[Black "ChessSG1"]
[WhiteFideId "3523870"]
[WhiteElo "2252"]
[BlackElo "2456"]
[Result "0-1"]
[Round "2"]
[TimeControl "180+1"]
[Date "2023.08.01"]
[WhiteClock "0:00:05"]
[BlackClock "0:00:09"]
[Board "165"]

1. e4 c5 2. Nf3 e6 3. c3 Nf6 4. e5 Nd5 5. d4 cxd4 6. cxd4 d6 7. Nc3 Nxc3 8. bxc3 Qc7 9. Bd2 Nd7 10. exd6 Bxd6 11. Bd3 b6 12. O-O Bb7 13. Re1 O-O 14. Qe2 Rfd8 15. Ng5 Bxh2+ 16. Kh1 h6 17. Nxf7 Kxf7 18. Qxe6+ Kf8 19. Bc4 Nf6 20. Bxh6 Rd6 21. Bxg7+ Kxg7 22. Qf5 Rh8 23. Qg5+ Kf8 24. Qb5 Qc6 25. Qxc6 Rxc6 26. Bb5 Rxc3 27. Re6 Kf7 28. Rae1 Ne4 29. R6xe4 Bxe4 30. f3 Bb7 31. Rd1 Bg3+ 32. Kg1 Bf4 33. g4 Rc1 34. Rxc1 Bxc1 35. Bc4+ Ke7 36. Kg2 Bb2 37. Kg3 Bxd4 38. f4 Bc5 39. g5 Bd6 40. Kg4 Bc8+ 41. f5 Rf8 42. Bd3 Be5 43. Be4 Kd6 44. g6 Ke7 45. Kg5 Bf6+ 46. Kf4 Kd6 47. Kg4 Re8 48. Bf3 Ke5 49. Bd1 Rh8 50. Bc2 Rh4+ 51. Kg3 Bxf5 52. Kf3 Rh3+ 0-1


[Site "https://www.chess.com"]

[Event "Titled Tuesday Blitz August 1 Late 2023"]
[White "Ruge, Edison"]
[Black "Miszler, Levente"]
[WhiteFideId "4401000"]
[BlackFideId "763276"]
[WhiteElo "2251"]
[BlackElo "2454"]
[Result "0-1"]
[Round "2"]
[TimeControl "180+1"]
[Date "2023.08.01"]
[WhiteClock "0:00:04"]
[BlackClock "0:01:11"]
[Board "166"]

1. e4 c5 2. Nf3 d6 3. d3 g6 4. Nbd2 Bg7 5. g3 Nc6 6. Bg2 e6 7. h4 Nge7 8. h5 Qc7 9. h6 Bf6 10. O-O O-O 11. c3 b5 12. Nh2 Rb8 13. Ng4 Bh8 14. f4 f5 15. Ne3 b4 16. c4 Nd4 17. Nf3 Bb7 18. Ng5 Qd7 19. Rb1 Bf6 20. b3 Bxg5 21. fxg5 e5 22. Nd5 Nxd5 23. cxd5 fxe4 24. dxe4 Rxf1+ 25. Qxf1 Rf8 26. Qd1 Ba6 27. Be3 Be2 28. Qd2 Qg4 29. Bxd4 exd4 30. Re1 Bf3 31. Qf2 Bxg2 32. Qxg2 Rf3 33. Kh2 d3 34. e5 d2 35. Rd1 Rxg3 36. Qxg3 Qxd1 37. Qh3 Qe2+ 38. Kg3 Qe3+ 39. Kg2 Qxh3+ 40. Kxh3 d1=Q 0-1


[Site "https://www.chess.com"]

[Event "Titled Tuesday Blitz August 1 Late 2023"]
[White "Papp, Petra"]
[Black "BrandonJiang123456"]
[WhiteFideId "739049"]
[WhiteElo "2454"]
[BlackElo "2246"]
[Result "0-1"]
[Round "2"]
[TimeControl "180+1"]
[Date "2023.08.01"]
[WhiteClock "0:00:00"]
[BlackClock "0:00:08"]
[Board "167"]

1. e4 c5 2. Nf3 Nc6 3. d4 cxd4 4. Nxd4 Nf6 5. Nc3 d6 6. Nd5 e6 7. Nxf6+ Qxf6 8. Be3 Bd7 9. Qd2 Be7 10. O-O-O O-O 11. Nb5 Rfd8 12. h4 h6 13. g4 Ne5 14. g5 hxg5 15. hxg5 Qg6 16. f4 Qxe4 17. Qh2 Qxe3+ 18. Kb1 f5 19. gxf6 Bxf6 20. Nxd6 Kf8 21. fxe5 Qxe5 22. Nc4 Qxh2 23. Rxh2 Ke7 24. Rhd2 Bc6 25. Nd6 Be5 26. Nc4 Rxd2 27. Rxd2 Rf8 28. Bd3 Bc7 29. a3 g5 30. Re2 g4 31. Ne3 g3 32. Nf5+ Kd7 33. Nd4 g2 34. Re1 Rg8 35. Nxc6 g1=Q 36. Nb8+ Bxb8 37. Rxg1 Rxg1+ 0-1


[Site "https://www.chess.com"]

[Event "Titled Tuesday Blitz August 1 Late 2023"]
[White "Celestino, Rafael Teixeira"]
[Black "Yeritsyan, Hayk"]
[WhiteFideId "2108925"]
[BlackFideId "13307320"]
[WhiteElo "2234"]
[BlackElo "2451"]
[Result "0-1"]
[Round "2"]
[TimeControl "180+1"]
[Date "2023.08.01"]
[WhiteClock "0:00:00"]
[BlackClock "0:00:57"]
[Board "168"]

1. b3 d5 2. Bb2 c6 3. e3 Bf5 4. f4 e6 5. Nf3 h6 6. Be2 Nf6 7. O-O Be7 8. Qe1 O-O 9. d3 Bh7 10. Nbd2 Nfd7 11. Qg3 Bf6 12. Ne5 Nxe5 13. fxe5 Be7 14. Bf3 Nd7 15. e4 Rc8 16. Rae1 Qe8 17. c4 Nb6 18. d4 Rd8 19. c5 Nd7 20. exd5 cxd5 21. Be2 Nb8 22. Bd3 Nc6 23. Bxh7+ Kxh7 24. a3 a6 25. b4 f6 26. b5 axb5 27. Qd3+ f5 28. Qxb5 Qd7 29. Nb3 Ra8 30. Bc3 Rxa3 31. Rb1 Nxe5 32. Qb4 Ra4 33. Qb6 Nc4 34. c6 bxc6 35. Nc5 Nxb6 36. Nxd7 Nxd7 37. Rb7 Rd8 38. Re1 Bf6 39. Rxe6 Nf8 40. Rxf6 Rc4 41. Bd2 Rxd4 42. Bxh6 Rd7 43. Rxd7 Nxd7 44. Rxc6 Ne5 45. Re6 Ng4 0-1


[Site "https://www.chess.com"]

[Event "Titled Tuesday Blitz August 1 Late 2023"]
[White "Da Matta, Eduardo Cesar"]
[Black "Lehtosaari, Mauri"]
[WhiteFideId "2193108"]
[BlackFideId "501999"]
[WhiteElo "2227"]
[BlackElo "2448"]
[Result "0-1"]
[Round "2"]
[TimeControl "180+1"]
[Date "2023.08.01"]
[WhiteClock "0:01:27"]
[BlackClock "0:01:53"]
[Board "169"]

1. d4 d5 2. c4 c6 3. cxd5 cxd5 4. Nc3 Nf6 5. Nf3 Nc6 6. e3 Bg4 7. Qb3 Na5 8. Qa4+ Bd7 9. Bb5 Nc6 10. O-O a6 11. Bxc6 Bxc6 12. Qc2 e6 13. Bd2 Rc8 14. Ne5 Bd6 15. f4 O-O 16. Rf3 Bxe5 17. fxe5 Ne4 18. Nxe4 dxe4 19. Rh3 Bd5 20. Qd1 f5 21. Qh5 h6 22. Rg3 Kh8 23. Rg6 Qe7 24. Be1 Kh7 25. Bh4 Qf7 26. Rg5 Qxh5 27. Rxh5 Kg6 0-1


[Site "https://www.chess.com"]

[Event "Titled Tuesday Blitz August 1 Late 2023"]
[White "D`Arruda, Ricardo D."]
[Black "aleksanchess"]
[WhiteFideId "100692"]
[WhiteElo "2448"]
[BlackElo "2225"]
[Result "1-0"]
[Round "2"]
[TimeControl "180+1"]
[Date "2023.08.01"]
[WhiteClock "0:01:33"]
[BlackClock "0:00:34"]
[Board "170"]

1. Nf3 d5 2. d4 Nf6 3. c4 e6 4. e3 c6 5. Nc3 Bd6 6. Bd3 O-O 7. O-O Ne8 8. e4 dxe4 9. Nxe4 Bc7 10. Bg5 f6 11. Bd2 Nd6 12. Ng3 Nf7 13. Qc2 h6 14. Rad1 f5 15. Rfe1 Ng5 16. Ne5 Qf6 17. Nh5 Qd8 18. Ng6 Rf7 19. Bf4 Bxf4 20. Nhxf4 Rf6 21. h4 Nh7 22. d5 cxd5 23. cxd5 exd5 24. Bc4 Rxg6 25. Bxd5+ Re6 26. Bxe6+ 1-0


[Site "https://www.chess.com"]

[Event "Titled Tuesday Blitz August 1 Late 2023"]
[White "UgarteCesar"]
[Black "slidingknight2775"]
[WhiteElo "2221"]
[BlackElo "2446"]
[Result "0-1"]
[Round "2"]
[TimeControl "180+1"]
[Date "2023.08.01"]
[WhiteClock "0:01:12"]
[BlackClock "0:01:05"]
[Board "171"]

1. d4 Nf6 2. Bg5 d5 3. Bxf6 gxf6 4. g3 c5 5. e3 Nc6 6. c3 e6 7. Bg2 f5 8. Ne2 cxd4 9. cxd4 Bd6 10. O-O O-O 11. Nd2 Qf6 12. Nf3 b6 13. Rc1 Bb7 14. Nh4 Rfc8 15. Nf4 Bxf4 16. gxf4 Qxh4 17. Kh1 Kh8 18. Qa4 Rg8 19. Rxc6 Rxg2 20. Kxg2 Rg8+ 21. Kh1 Qh3 22. Rg1 Qf3+ 0-1


[Site "https://www.chess.com"]

[Event "Titled Tuesday Blitz August 1 Late 2023"]
[White "Rodriguez, Santiago"]
[Black "rikchessmx"]
[WhiteFideId "3000591"]
[WhiteElo "2444"]
[BlackElo "2218"]
[Result "1-0"]
[Round "2"]
[TimeControl "180+1"]
[Date "2023.08.01"]
[WhiteClock "0:02:07"]
[BlackClock "0:01:17"]
[Board "172"]

1. d4 Nf6 2. Bg5 Ne4 3. Bf4 c5 4. f3 Nf6 5. dxc5 Qa5+ 6. Qd2 Qxc5 7. Nc3 Nc6 8. O-O-O d6 9. e4 g6 10. Nd5 Nxd5 11. exd5 Ne5 12. Be3 Qc7 13. f4 Nc4 14. Qc3 b6 15. Qxc4 Qxc4 16. Bxc4 Bg7 17. Bd4 O-O 18. Bxg7 Kxg7 19. Nf3 Bg4 20. Be2 Rac8 21. h3 Bd7 22. Rhe1 Rc5 23. Kb1 Rfc8 24. Ba6 R8c7 25. Rxe7 Kf6 26. Re2 b5 27. g4 h6 28. g5+ hxg5 29. fxg5+ Kf5 30. a4 bxa4 31. Bd3+ Kf4 32. Nd2 Kxg5 33. Ne4+ Kh6 34. Nxc5 Rxc5 35. Re7 Bf5 36. Bxf5 gxf5 37. Rxf7 Kg6 38. Rxa7 Rc4 39. Rd7 f4 40. Rxd6+ Kf5 41. Rc6 Re4 42. d6 1-0


[Site "https://www.chess.com"]

[Event "Titled Tuesday Blitz August 1 Late 2023"]
[White "Bashylina, Luisa"]
[Black "Karas, Marek"]
[WhiteFideId "12983292"]
[BlackFideId "14928558"]
[WhiteElo "2206"]
[BlackElo "2443"]
[Result "1/2-1/2"]
[Round "2"]
[TimeControl "180+1"]
[Date "2023.08.01"]
[WhiteClock "0:00:15"]
[BlackClock "0:00:15"]
[Board "173"]

1. Nf3 d5 2. g3 Nc6 3. d4 Bg4 4. Bg2 Qd7 5. O-O Bh3 6. Ne5 Nxe5 7. dxe5 Bxg2 8. Kxg2 h5 9. h3 e6 10. c4 dxc4 11. Qxd7+ Kxd7 12. Rd1+ Kc6 13. Nd2 b5 14. a4 Bb4 15. b3 c3 16. axb5+ Kxb5 17. Nc4 Ne7 18. Be3 a5 19. Rd7 Kc6 20. Rd3 Nd5 21. Bd4 Rhd8 22. e4 Nb6 23. Ne3 Kb5 24. Rad1 c5 25. Bxc3 Rxd3 26. Rxd3 Bxc3 27. Rxc3 Kb4 28. Rc1 Kxb3 29. Rxc5 Kb4 30. Rc1 a4 31. Rb1+ Kc5 32. Nc2 Nc4 33. Rb7 Nxe5 34. Rc7+ Kd6 35. Rc3 Nc6 36. f4 e5 37. Kf3 f6 38. Ke3 Rb8 39. Kd2 Rb3 40. Rxb3 axb3 41. Na3 Nd4 42. Kc3 Ne2+ 43. Kxb3 Nxg3 44. f5 Nxe4 45. Kc4 Ng3 46. Kd3 Nxf5 47. Nc4+ Ke6 48. Ke4 Nd6+ 49. Nxd6 Kxd6 50. Kf5 Kd5 51. Kg6 e4 52. Kxg7 f5 53. Kf6 f4 54. Kg5 f3 55. Kxh5 f2 56. Kg5 f1=Q 57. h4 Qg2+ 58. Kh5 Ke5 59. Kh6 Kf6 60. Kh5 Qg7 1/2-1/2


[Site "https://www.chess.com"]

[Event "Titled Tuesday Blitz August 1 Late 2023"]
[White "Novikov, Evgenij"]
[Black "BeautiFullMindChess"]
[WhiteFideId "4125380"]
[WhiteElo "2441"]
[BlackElo "2205"]
[Result "1/2-1/2"]
[Round "2"]
[TimeControl "180+1"]
[Date "2023.08.01"]
[WhiteClock "0:00:28"]
[BlackClock "0:00:33"]
[Board "174"]

1. e4 c5 2. Nc3 Nc6 3. Bb5 Nd4 4. Nf3 a6 5. Bd3 g6 6. Nxd4 cxd4 7. Ne2 e5 8. c3 Bg7 9. cxd4 exd4 10. O-O Ne7 11. f4 Nc6 12. a3 O-O 13. b4 d5 14. e5 f6 15. exf6 Bxf6 16. Bb2 Qd6 17. Qe1 Bg4 18. Qg3 Bxe2 19. Bxe2 d3 20. Bxd3 Bxb2 21. Rab1 Bd4+ 22. Kh1 Rae8 23. b5 axb5 24. Rxb5 b6 25. Rc1 Bc5 26. a4 Nd4 27. Rbb1 Ne2 28. Bxe2 Rxe2 29. Rf1 Rxd2 30. Qc3 Rf2 31. Rxf2 Bxf2 32. Rf1 Bc5 33. g3 d4 34. Qc4+ Kg7 35. h4 d3 36. Rd1 Rd8 37. Kh2 Qd4 38. Qe6 Qf2+ 39. Kh3 Qe2 40. Qb3 d2 41. a5 bxa5 42. Qc3+ Kh6 43. Qxc5 Qxd1 44. Qg5+ Kg7 45. Qe7+ Kh6 46. Qg5+ Kg7 47. Qe7+ Kh6 48. Qg5+ 1/2-1/2


[Site "https://www.chess.com"]

[Event "Titled Tuesday Blitz August 1 Late 2023"]
[White "campochess"]
[Black "Zhukova, Natalia"]
[BlackFideId "14101513"]
[WhiteElo "2204"]
[BlackElo "2439"]
[Result "0-1"]
[Round "2"]
[TimeControl "180+1"]
[Date "2023.08.01"]
[WhiteClock "0:00:33"]
[BlackClock "0:00:45"]
[Board "175"]

1. d4 Nf6 2. Bg5 d5 3. Nd2 Nbd7 4. e3 e6 5. Bd3 Be7 6. Ngf3 h6 7. Bxf6 Bxf6 8. c3 e5 9. dxe5 Nxe5 10. Nxe5 Bxe5 11. Nf3 Bd6 12. Bc2 c6 13. Qd3 g6 14. Qd2 h5 15. O-O-O Qf6 16. Qd4 Qxd4 17. Nxd4 Bd7 18. g3 O-O-O 19. Ne2 Bg4 20. Rd2 h4 21. Re1 hxg3 22. hxg3 Rh2 23. Nf4 Rdh8 24. e4 Rh1 25. Rxh1 Rxh1+ 26. Bd1 Bxf4 27. gxf4 dxe4 28. Kc2 Bxd1+ 29. Rxd1 Rxd1 30. Kxd1 Kd7 31. Ke2 Ke6 32. Ke3 Kf5 33. a4 a5 34. b4 b6 35. bxa5 bxa5 36. Kd4 Kxf4 37. Kc5 e3 38. fxe3+ Kxe3 39. Kb6 g5 40. c4 g4 41. c5 g3 42. Kxc6 g2 43. Kb7 g1=Q 44. c6 Qb1+ 45. Ka6 Qc2 46. Kb6 Qxa4 47. c7 Qb4+ 0-1


[Site "https://www.chess.com"]

[Event "Titled Tuesday Blitz August 1 Late 2023"]
[White "Rama, Tejas"]
[Black "Petersson, Kjell"]
[WhiteFideId "30907381"]
[BlackFideId "1705148"]
[WhiteElo "2438"]
[BlackElo "2189"]
[Result "1-0"]
[Round "2"]
[TimeControl "180+1"]
[Date "2023.08.01"]
[WhiteClock "0:00:10"]
[BlackClock "0:00:09"]
[Board "176"]

1. d4 f5 2. c4 Nf6 3. g3 e6 4. Bg2 d5 5. Nf3 Bd6 6. O-O c6 7. Ne5 Nbd7 8. Bf4 Bxe5 9. dxe5 Nh5 10. Bd2 Nxe5 11. cxd5 exd5 12. e4 Nf6 13. Bc3 Nf7 14. exd5 cxd5 15. Re1+ Kf8 16. Bb4+ Kg8 17. Nc3 d4 18. Ne2 h6 19. Nxd4 Kh7 20. Nb5 a6 21. Qxd8 Rxd8 22. Nc7 Rb8 23. Re7 Ng5 24. Rae1 b5 25. Ba5 Rd7 26. Rxd7 Bxd7 27. Nxa6 Rc8 28. Nc7 Nge4 29. Bf1 Ng4 30. f3 Nxh2 31. Kxh2 Nf6 32. b4 Be6 33. Rxe6 Rd8 34. Bxb5 Rd2+ 35. Re2 Rd6 36. Ne6 Nh5 37. Nf4 Nf6 38. Bc7 Rd1 39. Bd3 g6 40. Re7+ Kg8 41. Bc4+ Kf8 42. Nxg6# 1-0


[Site "https://www.chess.com"]